[Event "Condigne Dutch Open 2018"]
[Site "Dieren"]
[Date "2018.08.01"]
[Round "8"]
[White "De Jong, Tom"]
[Black "Van Meegen, Ruud"]
[Result "1/2-1/2"]
[ECO "B13"]
[WhiteElo "2201"]
[BlackElo "2222"]
[Annotator "NA"]
[PlyCount "113"]
[EventDate "2018.07.24"]
[EventType "swiss"]
[EventCountry "NED"]
[SourceTitle "playchess.com"]
[Source "ChessBase"]
[SourceQuality "1"]
[TimeControl "40/5400+30:1800+30"]

1. e4 c6 2. d4 d5 3. exd5 cxd5 4. c4 Nf6 5. Nc3 Nc6 6. Nf3 Be6 7. c5 g6 8. Bd3 Bg7 9. O-O Bg4 10. Be2 O-O 11. h3 Bf5 12. Bf4 Ne4 13. Bb5 Nxc3 14. bxc3 Na5 15. Re1 a6 16. Bf1 Re8 17. g4 Bd7 18. Rb1 Ra7 19. Be5 Bc6 20. Bxg7 Kxg7 21. Ne5 Qc7 22. Qf3 Rf8 23. Rb6 Qd8 24. Nxc6 Nxc6 25. Qf4 Qd7 26. Bg2 e6 27. Reb1 Rd8 28. h4 Qe7 29. h5 Rd7 30. h6+ Kg8 31. g5 Ra8 32. Rxc6 bxc6 33. Qe5 Qf8 34. Rb6 Rc8 35. Bf1 f6 36. gxf6 Kf7 37. Bxa6 Rcc7 38. Bf1 Qd8 39. a4 Qxf6 40. a5 g5 41. Bd3 Qxh6 42. Rb8 Qg7 43. Qh2 Ke7 44. Bxh7 Rb7 45. Rxb7 Rxb7 46. Qd6+ Kf6 47. a6 Rd7 48. Qe5+ Kf7 49. Qh2 Ra7 50. Qb8 Kf6 51. Bd3 Rc7 52. Kg2 Qf7 53. Qd8+ Qe7 54. Qg8 Qf7 55. Qd8+ Qe7 56. Qg8 Qg7 57. Qd8+ 1/2-1/2

[Event "Condigne Dutch Open 2018"]
[Site "Dieren"]
[Date "2018.08.01"]
[Round "8"]
[White "Evengroen, Henk-Jan"]
[Black "Saravanan, V.."]
[Result "0-1"]
[ECO "E59"]
[WhiteElo "2160"]
[BlackElo "2326"]
[Annotator "NA"]
[PlyCount "80"]
[EventDate "2018.07.24"]
[EventType "swiss"]
[EventCountry "NED"]
[SourceTitle "playchess.com"]
[Source "ChessBase"]
[SourceQuality "1"]
[TimeControl "40/5400+30:1800+30"]

1. d4 Nf6 2. c4 e6 3. Nc3 Bb4 4. e3 O-O 5. Bd3 c5 6. Nf3 d5 7. O-O Nc6 8. a3 Bxc3 9. bxc3 dxc4 10. Bxc4 Qc7 11. Bb2 e5 12. Be2 Rd8 13. Qc2 Bg4 14. h3 Bh5 15. Nxe5 Bxe2 16. Qxe2 Nxe5 17. dxe5 Qxe5 18. c4 Qe6 19. Rfd1 b6 20. Qf3 Ne4 21. Qf4 Qxc4 22. f3 Qe2 23. Rxd8+ Rxd8 24. Rb1 Nc3 25. Bxc3 Qc2 26. Bxg7 Qxb1+ 27. Kh2 Qg6 28. Bf6 Re8 29. Qd6 Rf8 30. Qe5 h6 31. f4 Kh7 32. f5 Qg8 33. g4 Ra8 34. Qe4 Qe8 35. Be7 f6 36. Qb7 Qb8+ 37. Qxb8 Rxb8 38. Bxf6 Re8 39. g5 hxg5 40. Bxg5 Re5 0-1

[Event "Condigne Dutch Open 2018"]
[Site "Dieren"]
[Date "2018.08.01"]
[Round "8"]
[White "Van Roon, Sjoerd"]
[Black "Krishnater Kushager"]
[Result "0-1"]
[ECO "C54"]
[WhiteElo "2100"]
[BlackElo "2209"]
[Annotator "NA"]
[PlyCount "66"]
[EventDate "2018.07.24"]
[EventType "swiss"]
[EventCountry "NED"]
[SourceTitle "playchess.com"]
[Source "ChessBase"]
[SourceQuality "1"]
[TimeControl "40/5400+30:1800+30"]

1. e4 e5 2. Nf3 Nc6 3. Bc4 Bc5 4. d3 Nf6 5. c3 a6 6. a4 d6 7. O-O O-O 8. Bg5 Be6 9. Nbd2 a5 10. Qb3 Qd7 11. Bxf6 gxf6 12. Nh4 Kh8 13. Kh1 Rg8 14. f4 Be3 15. f5 Bxc4 16. Nxc4 Bg5 17. Nf3 Bh6 18. Qb5 Rgd8 19. Ne1 d5 20. exd5 Qxd5 21. Qxb7 e4 22. Qxc7 Ra7 23. Qg3 exd3 24. b3 d2 25. Nf3 d1=Q 26. Raxd1 Qxd1 27. Rxd1 Rxd1+ 28. Ng1 Re7 29. h3 Ree1 30. Qf3 Rxg1+ 31. Kh2 Rdf1 32. Qxc6 Bf4+ 33. g3 Bxg3# 0-1

[Event "Condigne Dutch Open 2018"]
[Site "Dieren"]
[Date "2018.08.02"]
[Round "9"]
[White "Van Foreest, Lucas"]
[Black "Chanda, Sandipan"]
[Result "*"]
[ECO "A80"]
[WhiteElo "2488"]
[BlackElo "2548"]
[Annotator "RC"]
[PlyCount "20"]
[EventDate "2018.07.24"]
[EventType "swiss"]
[EventCountry "NED"]
[SourceTitle "playchess.com"]
[Source "ChessBase"]
[SourceQuality "1"]
[TimeControl "40/5400+30:1800+30"]

1. d4 f5 2. Nc3 Nf6 3. Bg5 d5 4. e3 e6 5. Nf3 Be7 6. Bd3 O-O 7. O-O h6 8. Bh4 Nbd7 9. Ne2 g5 10. Bg3 Nh5 *

[Event "Condigne Dutch Open 2018"]
[Site "Dieren"]
[Date "2018.08.02"]
[Round "9"]
[White "Geurink, Jasper"]
[Black "Sparenberg, Erik"]
[Result "1/2-1/2"]
[ECO "B07"]
[WhiteElo "2348"]
[BlackElo "2173"]
[Annotator "NA"]
[PlyCount "82"]
[EventDate "2018.07.24"]
[EventType "swiss"]
[EventCountry "NED"]
[SourceTitle "playchess.com"]
[Source "ChessBase"]
[SourceQuality "1"]
[TimeControl "40/5400+30:1800+30"]

1. e4 g6 2. d4 Bg7 3. c3 d6 4. Nf3 Nf6 5. Bd3 O-O 6. O-O Nbd7 7. Re1 e5 8. d5 Nh5 9. Bf1 Qe8 10. c4 f5 11. exf5 gxf5 12. Ng5 Ndf6 13. c5 dxc5 14. Qb3 b6 15. Bb5 Qg6 16. Bc6 Rb8 17. Nc3 Kh8 18. Ne6 Rg8 19. g3 Ng4 20. Ne2 Bxe6 21. dxe6 e4 22. Nf4 Nxf4 23. Bxf4 Bd4 24. Kg2 Qh5 25. h4 Nxf2 26. Rad1 Nxd1 27. Rxd1 Qe2+ 28. Kh1 Rg4 29. Bb5 Qf2 30. Rf1 Qxb2 31. Qxb2 Bxb2 32. Bxc7 Rc8 33. e7 Rgg8 34. Bd6 c4 35. Rxf5 Bg7 36. Bd7 Ra8 37. Re5 c3 38. Rxe4 Rge8 39. Rc4 Bf6 40. Bxe8 Rxe8 41. Bb4 Kg7 1/2-1/2

[Event "Condigne Dutch Open 2018"]
[Site "Dieren"]
[Date "2018.08.02"]
[Round "9"]
[White "Wiersma, Eelke"]
[Black "Zwirs, Jasper"]
[Result "1/2-1/2"]
[ECO "B51"]
[WhiteElo "2346"]
[BlackElo "2124"]
[Annotator "NA"]
[PlyCount "29"]
[EventDate "2018.07.24"]
[EventType "swiss"]
[EventCountry "NED"]
[SourceTitle "playchess.com"]
[Source "ChessBase"]
[SourceQuality "1"]
[TimeControl "40/5400+30:1800+30"]

1. e4 c5 2. Nf3 d6 3. Bb5+ Nc6 4. Bxc6+ bxc6 5. O-O Bg4 6. h3 Bh5 7. e5 e6 8. exd6 Bxd6 9. d3 Nf6 10. Nbd2 O-O 11. Qe2 Qc7 12. Nc4 Rae8 13. Bd2 e5 14. Rad1 Nd5 15. g4 1/2-1/2

[Event "Condigne Dutch Open 2018"]
[Site "Dieren"]
[Date "2018.08.02"]
[Round "9"]
[White "Van Osch, Mees"]
[Black "Miedema, David"]
[Result "1/2-1/2"]
[ECO "C15"]
[WhiteElo "2324"]
[BlackElo "2370"]
[Annotator "NA"]
[PlyCount "136"]
[EventDate "2018.07.24"]
[EventType "swiss"]
[EventCountry "NED"]
[SourceTitle "playchess.com"]
[Source "ChessBase"]
[SourceQuality "1"]
[TimeControl "40/5400+30:1800+30"]

1. e4 e6 2. d4 d5 3. Nc3 Bb4 4. Nge2 dxe4 5. a3 Bxc3+ 6. Nxc3 {[%emt 0:00:00] LiveBook: 451 Games} Nc6 7. d5 exd5 8. Qxd5 Be6 {[%emt 0:00:04] C15: French: 3 Nc3 Bb4: Unusual White 4th moves} 9. Qxe4 Nf6 10. Qa4 (10. Qh4 Qd4 11. Qxd4 Nxd4 12. Bd3 Bf5 13. Bxf5 Nxf5 14. Bg5 O-O-O 15. O-O Rhe8 16. Bxf6 gxf6 {½-½ (40) Kulaots,K (2577)-Cuenca Jimenez,J (2513) Lund 2017}) 10... Qe7 11. Be2 Nd5 $146 ({Predecessor:} 11... Bg4 12. f3 Be6 13. Bd2 Qc5 14. O-O-O O-O 15. Qb5 Qe7 16. Bg5 {½-½ (57) Kachibadze,G (1977)-Teschke,O (2228) Berlin 2006}) 12. Bd2 Nb6 13. Qf4 O-O-O 14. O-O-O Nd4 15. Rhe1 Nxe2+ 16. Rxe2 Qc5 17. Be3 Rxd1+ 18. Kxd1 Nd5 19. Qd4 Nxe3+ 20. Qxe3 Rd8+ 21. Kc1 Qd4 22. Rd2 Qxe3 23. fxe3 Re8 24. e4 f6 25. Kd1 Bg4+ 26. Ke1 f5 27. Kf2 f4 28. g3 fxg3+ 29. Kxg3 Bd7 30. Kf4 Rf8+ 31. Ke3 Be6 32. Nb5 a6 33. Nd4 Bh3 34. b4 b6 35. c4 Rf1 36. e5 Rc1 37. Rf2 c5 38. bxc5 bxc5 39. Ne2 Rxc4 40. Rf7 Ra4 41. Nf4 $11 Rxa3+ 42. Ke4 c4 43. e6 c3 44. Rf8+ Kc7 45. e7 Bd7 46. Nd5+ Kd6 47. Rd8 Ke6 48. e8=Q+ Bxe8 49. Rxe8+ Kd7 50. Rf8 c2 51. Rf1 Rh3 52. Rc1 Rxh2 53. Ne3 Ke6 54. Nxc2 Rh4+ 55. Kd3 Ra4 56. Ne3 h5 57. Rc6+ Kf7 58. Nf5 g6 59. Nd6+ Kg7 60. Rc7+ Kf6 61. Ne4+ Kf5 62. Rf7+ Ke6 63. Rg7 Ke5 64. Re7+ Kf4 65. Rf7+ Kg4 66. Rg7 Ra3+ 67. Kd4 Kf3 68. Rf7+ Kg4 1/2-1/2

[Event "Condigne Dutch Open 2018"]
[Site "Dieren"]
[Date "2018.08.02"]
[Round "9"]
[White "Van Dael, Siem"]
[Black "De Jong, Migchiel"]
[Result "1-0"]
[ECO "C18"]
[WhiteElo "2212"]
[BlackElo "2339"]
[Annotator "NA"]
[PlyCount "177"]
[EventDate "2018.07.24"]
[EventType "swiss"]
[EventCountry "NED"]
[SourceTitle "playchess.com"]
[Source "ChessBase"]
[SourceQuality "1"]
[TimeControl "40/5400+30:1800+30"]

1. e4 e6 2. d4 d5 3. Nc3 Bb4 4. e5 Ne7 5. a3 Bxc3+ 6. bxc3 c5 7. Qg4 Kf8 8. h4 Qc7 9. Bd2 cxd4 10. cxd4 Qxc2 11. Rc1 Qe4+ 12. Qxe4 dxe4 13. g3 Nbc6 14. Bg2 Nxd4 15. Bxe4 Ndc6 16. Bb4 Bd7 17. Bd6 Ke8 18. Ne2 Rc8 19. O-O Na5 20. Nd4 Nec6 21. Ne2 Nb3 22. Rc2 b6 23. Rd1 Ne7 24. Rxc8+ Nxc8 25. Bc7 Nc5 26. Nc3 Ke7 27. Bd3 Nxd3 28. Rxd3 Bc6 29. a4 h5 30. Rd4 f5 31. Kf1 Kf7 32. Bb8 Re8 33. Ke1 a6 34. Rc4 Ne7 35. Ba7 b5 36. Rd4 bxa4 37. Nxa4 Bxa4 38. Rxa4 Ra8 39. Bc5 Nd5 40. Kd2 Ke8 41. Ra1 Kd7 42. Bd6 a5 43. Kd3 a4 44. Kc4 Kc6 45. Rb1 a3 46. Kb3 a2 47. Rc1+ Kb5 48. Ra1 Nb6 49. Ba3 Nc4 50. Rxa2 g6 51. f4 Ra4 52. Ra1 Nd2+ 53. Kc2 Ne4 54. Rb1+ Kc6 55. Rb3 Rd4 56. Bc1 Rc4+ 57. Kb2 Nc5 58. Ra3 Kd5 59. Be3 Ne4 60. Ra5+ Kc6 61. Ra6+ Kd7 62. Ra7+ Rc7 63. Ra3 Rb7+ 64. Kc2 Nxg3 65. Rd3+ Ke8 66. Rd6 Ke7 67. Ra6 Ne4 68. Kd3 Rd7+ 69. Kc4 Rc7+ 70. Kd3 Nc3 71. Bb6 Rc6 72. Bd8+ Kxd8 73. Rxc6 Nd5 74. Rc4 Kd7 75. Ra4 Kc6 76. Ra6+ Kb5 77. Rd6 Nxf4+ 78. Kd4 Kb4 79. Rb6+ Ka5 80. Rb1 Ng2 81. Kc5 Ka4 82. Kd6 f4 83. Kxe6 Nxh4 84. Kf6 f3 85. e6 Nf5 86. Kxg6 Nd6 87. Kxh5 f2 88. e7 Ka5 89. Kg6 1-0

[Event "Condigne Dutch Open 2018"]
[Site "Dieren"]
[Date "2018.08.02"]
[Round "9"]
[White "Krishnater Kushager"]
[Black "Maatman, Nick"]
[Result "1/2-1/2"]
[ECO "E10"]
[WhiteElo "2209"]
[BlackElo "2345"]
[Annotator "NA"]
[PlyCount "23"]
[EventDate "2018.07.24"]
[EventType "swiss"]
[EventCountry "NED"]
[SourceTitle "playchess.com"]
[Source "ChessBase"]
[SourceQuality "1"]
[TimeControl "40/5400+30:1800+30"]

1. d4 e6 2. Nf3 Nf6 3. c4 c5 4. d5 exd5 5. cxd5 d6 6. e4 g6 7. h3 Bg7 8. Bd3 O-O 9. O-O b5 10. Bxb5 Nxe4 11. Re1 Qb6 12. Na3 1/2-1/2

[Event "Condigne Dutch Open 2018"]
[Site "Dieren"]
[Date "2018.08.02"]
[Round "9"]
[White "Floor, Dirk"]
[Black "Ojas Kulkarni"]
[Result "0-1"]
[ECO "C55"]
[WhiteElo "2196"]
[BlackElo "2226"]
[Annotator "NA"]
[PlyCount "74"]
[EventDate "2018.07.24"]
[EventType "swiss"]
[EventCountry "NED"]
[SourceTitle "playchess.com"]
[Source "ChessBase"]
[SourceQuality "1"]
[TimeControl "40/5400+30:1800+30"]

1. e4 e5 2. Nf3 Nc6 3. Bc4 Nf6 4. d3 h6 5. O-O d6 6. a4 g6 7. Nc3 Bg7 8. a5 a6 9. Bd2 O-O 10. Nd5 Nxd5 11. Bxd5 Ne7 12. Ba2 Kh7 13. c3 f5 14. h4 Kh8 15. Qc1 f4 16. d4 Nc6 17. Rd1 Bg4 18. d5 Ne7 19. Kf1 c6 20. c4 cxd5 21. cxd5 Rc8 22. Qb1 Nf5 23. Qd3 Nxh4 24. Nxh4 Qxh4 25. f3 Bd7 26. Kg1 g5 27. Be1 Qh5 28. Bb3 Bb5 29. Qd2 g4 30. fxg4 Qxg4 31. Rdc1 Rxc1 32. Rxc1 f3 33. Bd1 Be2 34. g3 Qh3 35. Kf2 Qg2+ 36. Ke3 h5 37. Bf2 Bh6# 0-1